 Dungeon Crawl Stone Soup version 0.21.1-1-g345015fe64 (webtiles) character file.

326 Peloso the Shield-Bearer (level 6, -2/57 HPs)
             Began as a Deep Dwarf Fighter on Apr 21, 2018.
             Slain by an ogre
             ... wielding a +0 giant club
              (8 damage)
             ... on level 4 of the Dungeon.
             The game lasted 00:06:13 (2797 turns).

Peloso the Shield-Bearer (Deep Dwarf Fighter)       Turns: 2797, Time: 00:06:14

Health: -2/57      AC: 10    Str: 22    XL:     6   Next: 24%
Magic:  5/5        EV:  8    Int:  8    God:
Gold:   117        SH:  5    Dex: 12    Spells: 5/5 levels left

rFire    . . .     SeeInvis .   a - +1 long sword
rCold    . . .     Gourm    .   c - +0 buckler (curse)
rNeg     . . .     Faith    .   j - +0 chain mail
rPois    .         Spirit   .   n - +1 hat
rElec    .         Reflect  .   (no cloak)
rCorr    .         Harm     .   (no gloves)
MR       .....                  (no boots)
Stlth    ..........             (no amulet)
HPRegen  0.00/turn              (no ring)
MPRegen  0.09/turn              (no ring)

@: non-regenerating
A: damage resistance, heal wounds, sense surroundings 1, no regeneration
a: Heal Wounds


You were on level 4 of the Dungeon.
You were not hungry.

You visited 1 branch of the dungeon, and saw 4 of its levels.

You collected 117 gold pieces.

Inventory:

Hand Weapons
 a - a +1 long sword (weapon)
Missiles
 m - 41 bolts
Armour
 c - a cursed +0 buckler (worn)
 j - a +0 chain mail (worn)
 k - a +1 shield
 n - a +1 hat (worn)
Scrolls
 b - 2 scrolls of enchant armour
 d - a scroll of teleportation
 q - a scroll of blinking {unknown}
Potions
 e - a potion of lignification {unknown}
 g - 3 potions of flight
 i - a potion of berserk rage
 l - 2 potions of brilliance {unknown}
 o - a potion of haste {unknown}
Comestibles
 f - 9 rations


   Skills:
 + Level 3.7 Fighting
 + Level 4.3 Long Blades
 + Level 4.4 Armour
 + Level 1.1 Dodging
 + Level 0.2 Stealth
 + Level 4.5 Shields


You had 5 spell levels left.
You didn't know any spells.

Dungeon Overview and Level Annotations

Branches:
Dungeon (4/15)
 Temple: D:4-7

Altars:
Cheibriados
Makhleb
Ru
Zin
The Shining One


Innate Abilities, Weirdness & Mutations

You are resistant to damage.
You can heal yourself by infusing magical energy.
You passively map a small area around you.
You do not regenerate.


Message History

You aren't carrying any items that you can evoke.
As you read the scroll labeled USIODOIRPHAWA, it crumbles to dust.
It is a scroll of enchant armour.
Your +0 shield glows green for a moment.
As you read the scroll labeled TIDIZI TOREA, it crumbles to dust.
It is a scroll of amnesia.
You feel forgetful for a moment.
As you read the scroll labeled WETOEL ESAATEEDO, it crumbles to dust.
The scroll dissolves into smoke.
It was a scroll of fog.
You hit the ogre.
The ogre is lightly wounded.
The ogre hits you with a giant club!
You hit the ogre.
The ogre is moderately wounded.
The ogre hits you with a giant club!!
* * * LOW HITPOINT WARNING * * *
You slash the ogre!
The ogre is severely wounded.
The ogre hits you with a giant club!
You die...

, * ,* ,, ,, , * ,
, . , , * #.#, ,
.. , #.# ... ###.#
* $... * ..#.# ,,
,+ .....
*#.#.#######......
###.#.##§§@O§...#
...#.##§########
#,#.#....#
#.#......#
#.......##
####.#### #....#
#.#### #.#


You could see an ogre.

Vanquished Creatures
  The ghost of elQueFaltaba the Chopper, an amateur HuSk (D:3)
  A crimson imp (D:3)
  An orc wizard (D:3)
  Jessica (D:3)
  6 adders
  2 dart slugs
  2 leopard geckos
  3 orcs (D:3)
  5 bats
  4 giant cockroaches
  3 goblins
  10 hobgoblins
  2 jackals (D:1)
  A quokka (D:2)
  A frilled lizard (D:3)
  4 kobolds
  5 rats
52 creatures vanquished.

Notes
Turn   | Place    | Note
-------+----------+-------------------------------------------
     0 | D:1      | Peloso the Deep Dwarf Fighter began the quest for the Orb.
     0 | D:1      | Reached XP level 1. HP: 20/20 MP: 1/1
   191 | D:1      | Reached XP level 2. HP: 20/27 MP: 2/2
   994 | D:2      | Found a sacrificial altar of Ru.
  1005 | D:1      | Reached XP level 3. HP: 14/33 MP: 3/3
  1281 | D:2      | Found a burning altar of Makhleb.
  1463 | D:2      | Found a snail-covered altar of Cheibriados.
  1463 | D:2      | Found a glowing silver altar of Zin.
  1470 | D:2      | Found a faded altar of an unknown god.
  1472 | D:2      | Found a faded altar of an unknown god.
  1473 | D:2      | Found a glowing golden altar of the Shining One.
  2046 | D:3      | Reached XP level 4. HP: 31/40 MP: 3/3
  2105 | D:3      | Reached skill level 1 in Dodging
  2271 | D:3      | Noticed Jessica
  2292 | D:3      | Killed Jessica
  2292 | D:3      | Reached XP level 5. HP: 38/49 MP: 4/4
  2573 | D:3      | Found a faded altar of an unknown god.
  2634 | D:3      | Noticed elQueFaltaba's ghost (amateur HuSk)
  2647 | D:3      | Killed elQueFaltaba's ghost
  2647 | D:3      | Reached XP level 6. HP: 32/57 MP: 5/5
  2797 | D:4      | Slain by an ogre

Skill      XL: |  1  2  3  4  5 |
---------------+----------------+-----
Shields        | 4 |  4.5
Armour         | 4 |  4.4
Dodging        | 1 |  1.1
Long Blades    | 3 4 |  4.3
Fighting       | 3 |  3.7
Stealth        | |  0.2

Action                   |  1- 3 |  4- 6 || total
-------------------------+-------+-------++-------
Melee: Long sword        |   131 |    64 ||   195
 Abil: Heal Wounds       |     1 |       ||     1
  Use: Scroll            |     5 |     3 ||     8
       Potion            |       |     1 ||     1
  Eat: Chunk             |     2 |     4 ||     6
Armor: Scale mail        |    42 |       ||    42
       Chain mail        |    33 |    29 ||    62
Dodge: Dodged            |    46 |    11 ||    57
Block: Shield            |    68 |       ||    68
       Buckler           |    10 |    18 ||    28
       Rpst.: Long sword |    12 |     5 ||    17
